TOP OF THE 1ST |
Memphis Blues batting - Pitching for BlackIron Dragons : LHP Ben Newman
|
Pitching: LHP Ben Newman
|
|
Batting: RHB Albert Morán
|
0-0: Ball 1-0: Fly out, F8 (Line Drive, 8LM)
|
Batting: RHB Brandon Townsley
|
0-0: Ball 1-0: Called Strike 1-1: Fly out, F8 (Line Drive, 89D)
|
Batting: RHB Ryan Nelson
|
0-0: Ball 1-0: Ball 2-0: Ball 3-0: Base on Balls
|
Batting: RHB Julian Lee
|
0-0: Ball 1-0: Ball 2-0: Ball 3-0: Called Strike 3-1: Foul Ball, location: 2F 3-2: Foul Ball, location: 2F 3-2: Ground out 1-3 (Groundball, P)
|
Top of the 1st over - 0 runs, 0 hits, 0 errors, 1 left on base; Memphis 0 - BlackIron 0 |
BOTTOM OF THE 1ST |
BlackIron Dragons batting - Pitching for Memphis Blues : RHP Tommy Waters
|
Pitching: RHP Tommy Waters
|
|
Batting: RHB Mel Wells
|
0-0: Foul Ball, location: 2F 0-1: Ball 1-1: Swinging Strike 1-2: Strikes out swinging
|
Batting: RHB Randall Walker
|
0-0: Ball 1-0: Called Strike 1-1: Ground out 5-3 (Groundball, 56)
|
Batting: LHB José Martínez
|
0-0: Ball 1-0: Called Strike 1-1: Swinging Strike 1-2: Strikes out swinging
|
Bottom of the 1st over - 0 runs, 0 hits, 0 errors, 0 left on base; Memphis 0 - BlackIron 0 |
TOP OF THE 2ND |
Memphis Blues batting - Pitching for BlackIron Dragons : LHP Ben Newman
|
Batting: SHB Fernando Gutiérrez
|
0-0: Ball 1-0: Ball 2-0: Ball 3-0: Base on Balls
|
Batting: SHB Hang-ki Yue
|
0-0: Ball 1-0: Foul Ball, location: 2F 1-1: Ball 2-1: Foul Ball, location: 2F 2-2: Grounds into double play, 5-4-3 (Groundball, 56)
|
Batting: LHB Freddy Torres
|
0-0: SINGLE (Line Drive, 34D)
|
Batting: RHB Miguel Mendoza
|
0-0: Called Strike 0-1: Swinging Strike 0-2: Ball 1-2: Ball 2-2: Strikes out swinging
|
Top of the 2nd over - 0 runs, 1 hit, 0 errors, 1 left on base; Memphis 0 - BlackIron 0 |
BOTTOM OF THE 2ND |
BlackIron Dragons batting - Pitching for Memphis Blues : RHP Tommy Waters
|
Batting: RHB Foster Hapgood
|
0-0: SINGLE (Groundball, 34S) (infield hit)
|
Batting: RHB Iván Granados
|
0-0: Fly out, F6 (Line Drive, 6M)
|
Batting: RHB Millard Long
|
0-0: Called Strike 0-1: Ball 1-1: Ball 2-1: SINGLE (Line Drive, 9LS) Foster Hapgood to second
|
Batting: RHB Jake Erickson
|
0-0: Ball 1-0: Foul Ball, location: 2F 1-1: Swinging Strike 1-2: Ball 2-2: Strikes out swinging
|
Batting: RHB Luis Méndez
|
0-0: Swinging Strike 0-1: Ground out 1-3 (Groundball, 13)
|
Bottom of the 2nd over - 0 runs, 2 hits, 0 errors, 2 left on base; Memphis 0 - BlackIron 0 |
TOP OF THE 3RD |
Memphis Blues batting - Pitching for BlackIron Dragons : LHP Ben Newman
|
Batting: LHB Armando Domínguez
|
0-0: DOUBLE (Line Drive, 9D)
|
Batting: RHB Albert Morán
|
0-0: Foul Ball, location: 2F 0-1: SINGLE (Groundball, 56D) Armando Domínguez to third Runner from 3rd tries for Home, throw and OUT!
|
Batting: RHB Brandon Townsley
|
0-0: Called Strike 0-1: Ball 1-1: Foul Ball, location: 2F 1-2: Foul Ball, location: 2F 1-2: Ball Albert Morán steals 2nd base 2-2: Foul Ball, location: 2F 2-2: Ball 3-2: DOUBLE (Line Drive, 78XD) Albert Morán scores
|
Batting: RHB Ryan Nelson
|
0-0: Ball 1-0: Ground out 4-3 (Groundball, 4) Brandon Townsley to third
|
Batting: RHB Julian Lee
|
0-0: Ball 1-0: Swinging Strike 1-1: Called Strike 1-2: Ball 2-2: Strikes out swinging
|
Top of the 3rd over - 1 run, 3 hits, 0 errors, 1 left on base; Memphis 1 - BlackIron 0 |
BOTTOM OF THE 3RD |
BlackIron Dragons batting - Pitching for Memphis Blues : RHP Tommy Waters
|
Batting: LHB Miguel Barrón
|
0-0: Ball 1-0: Ball 2-0: Swinging Strike 2-1: Called Strike 2-2: Fly out, F8 (Flyball, 8LD)
|
Batting: RHB Mel Wells
|
0-0: Foul Ball, location: 2F 0-1: Foul Ball, location: 2F 0-2: Strikes out swinging
|
Batting: RHB Randall Walker
|
0-0: Called Strike 0-1: Reached via error on a dropped throw, E1
|
Batting: LHB José Martínez
|
0-0: Called Strike Randall Walker steals 2nd base 0-1: Swinging Strike 0-2: SINGLE (Popup, 34D) Randall Walker to third Runner from 3rd tries for Home, SAFE, no throw
|
Batting: RHB Foster Hapgood
|
0-0: Called Strike 0-1: Ball 1-1: Ball 2-1: Called Strike 2-2: Fly out, F3 (Popup, 34S)
|
Bottom of the 3rd over - 1 run, 1 hit, 1 error, 1 left on base; Memphis 1 - BlackIron 1 |
TOP OF THE 4TH |
Memphis Blues batting - Pitching for BlackIron Dragons : LHP Ben Newman
|
Batting: SHB Fernando Gutiérrez
|
0-0: Swinging Strike 0-1: Ball 1-1: Ball 2-1: Swinging Strike 2-2: Foul Ball, location: 2F 2-2: Foul Ball, location: 2F 2-2: Strikes out looking
|
Batting: SHB Hang-ki Yue
|
0-0: Ball 1-0: Ball 2-0: Called Strike 2-1: Foul Ball, location: 2F 2-2: Ball 3-2: Ground out 5-3 (Groundball, 5)
|
Batting: LHB Freddy Torres
|
0-0: Ball 1-0: Called Strike 1-1: SINGLE (Groundball, 4MS) (infield hit)
|
Batting: RHB Miguel Mendoza
|
0-0: Fly out, F7 (Flyball, 7S)
|
Top of the 4th over - 0 runs, 1 hit, 0 errors, 1 left on base; Memphis 1 - BlackIron 1 |
BOTTOM OF THE 4TH |
BlackIron Dragons batting - Pitching for Memphis Blues : RHP Tommy Waters
|
Batting: RHB Iván Granados
|
0-0: Called Strike 0-1: SINGLE (Line Drive, 8LS)
|
Batting: RHB Millard Long
|
0-0: Ball 1-0: Ball 2-0: Foul Ball, location: 2F 2-1: Ball 3-1: Ground out 2-3 (Groundball, 15S) Iván Granados to second
|
Batting: RHB Jake Erickson
|
0-0: Called Strike 0-1: Ball 1-1: Ball 2-1: Ball 3-1: Foul Ball, location: 2F 3-2: Strikes out swinging
|
Batting: RHB Luis Méndez
|
0-0: Swinging Strike 0-1: Ball 1-1: Swinging Strike 1-2: Strikes out swinging
|
Bottom of the 4th over - 0 runs, 1 hit, 0 errors, 1 left on base; Memphis 1 - BlackIron 1 |
TOP OF THE 5TH |
Memphis Blues batting - Pitching for BlackIron Dragons : LHP Ben Newman
|
Batting: LHB Armando Domínguez
|
0-0: Ball 1-0: Foul Ball, location: 2F 1-1: Foul Ball, location: 2F 1-2: Fly out, F4 (Line Drive, 4)
|
Batting: RHB Albert Morán
|
0-0: Called Strike 0-1: Called Strike 0-2: SINGLE (Groundball, 3D)
|
Batting: RHB Brandon Townsley
|
0-0: Called Strike 0-1: Swinging Strike 0-2: Grounds into double play, 4-6-3 (Groundball, 4)
|
Top of the 5th over - 0 runs, 1 hit, 0 errors, 0 left on base; Memphis 1 - BlackIron 1 |
BOTTOM OF THE 5TH |
BlackIron Dragons batting - Pitching for Memphis Blues : RHP Tommy Waters
|
Batting: LHB Miguel Barrón
|
0-0: Ball 1-0: Called Strike 1-1: Ball 2-1: Swinging Strike 2-2: Strikes out swinging
|
Batting: RHB Mel Wells
|
0-0: Called Strike 0-1: Ball 1-1: Swinging Strike 1-2: Ball 2-2: Strikes out swinging
|
Batting: RHB Randall Walker
|
0-0: Ball 1-0: Called Strike 1-1: Fly out, F7 (Flyball, 7D)
|
Bottom of the 5th over - 0 runs, 0 hits, 0 errors, 0 left on base; Memphis 1 - BlackIron 1 |
TOP OF THE 6TH |
Memphis Blues batting - Pitching for BlackIron Dragons : LHP Ben Newman
|
Batting: RHB Ryan Nelson
|
0-0: Ball 1-0: Called Strike 1-1: Ball 2-1: Fly out, F6 (Line Drive, 6)
|
Batting: RHB Julian Lee
|
0-0: Ball 1-0: Ball 2-0: Ball 3-0: Base on Balls
|
Batting: SHB Fernando Gutiérrez
|
0-0: Ball 1-0: Called Strike Julian Lee steals 2nd base 1-1: Intentional Walk
|
Batting: SHB Hang-ki Yue
|
0-0: Called Strike 0-1: Swinging Strike 0-2: Ball 1-2: Strikes out swinging
|
Batting: LHB Freddy Torres
|
0-0: Ball 1-0: Called Strike 1-1: Ball 2-1: Ball 3-1: DOUBLE (Flyball, 8RXD) Julian Lee scores Fernando Gutiérrez to third Runner from 3rd tries for Home, SAFE, no throw
|
Batting: RHB Miguel Mendoza
|
0-0: Ball 1-0: Ball 2-0: SINGLE (Line Drive, 4MD) Freddy Torres to third
|
Batting: LHB Armando Domínguez
|
0-0: Foul Ball, location: 2F 0-1: Ball 1-1: Fielders Choice at 2nd, 5-4 (Groundball, 56)
|
Top of the 6th over - 2 runs, 2 hits, 0 errors, 2 left on base; Memphis 3 - BlackIron 1 |
BOTTOM OF THE 6TH |
BlackIron Dragons batting - Pitching for Memphis Blues : RHP Tommy Waters
|
Batting: LHB José Martínez
|
0-0: Ball 1-0: Ground out 4-3 (Groundball, 4S)
|
Batting: RHB Foster Hapgood
|
0-0: SINGLE (Line Drive, 7LS)
|
Batting: RHB Iván Granados
|
0-0: Foul Ball, location: 2F 0-1: Ball 1-1: Fly out, F6 (Flyball, 6D)
|
Batting: RHB Millard Long
|
0-0: Foul Ball, location: 2F 0-1: Hit by Pitch Foster Hapgood to second
|
Pinch Runner at 2nd Joe Baker:
|
|
Batting: RHB Jake Erickson
|
0-0: Ball 1-0: Ball 2-0: Swinging Strike 2-1: SINGLE (Groundball, 34D) Joe Baker to third Millard Long to second Runner from 3rd tries for Home, SAFE, throw made home
|
Batting: RHB Luis Méndez
|
0-0: Called Strike 0-1: SINGLE (Line Drive, 9S) Millard Long to third Jake Erickson to second Runner from 3rd tries for Home, SAFE, throw made home
|
Batting: LHB Miguel Barrón
|
0-0: Ball 1-0: Ball 2-0: Ball 3-0: Called Strike 3-1: Called Strike 3-2: Strikes out looking
|
Bottom of the 6th over - 2 runs, 3 hits, 0 errors, 2 left on base; Memphis 3 - BlackIron 3 |
TOP OF THE 7TH |
Memphis Blues batting - Pitching for BlackIron Dragons : LHP Ben Newman
|
Pitching: RHP José Moreno
|
|
Now at 1B: Roderick Silva
|
|
Batting: RHB Albert Morán
|
0-0: Foul Ball, location: 2F 0-1: Ball 1-1: SINGLE (Flyball, 89M)
|
Batting: RHB Brandon Townsley
|
0-0: Ball 1-0: Swinging Strike 1-1: Ball 2-1: Fly out, F4 (Flyball, 34D)
|
Batting: RHB Ryan Nelson
|
0-0: Foul Ball, location: 2F 0-1: Ball 1-1: Ball 2-1: Ball Wild Pitch! Albert Morán to second 3-1: Base on Balls
|
Batting: RHB Julian Lee
|
0-0: Ball 1-0: Fly out, F2 (Popup, 2L)
|
Batting: SHB Fernando Gutiérrez
|
0-0: Called Strike 0-1: SINGLE (Line Drive, 8RS) Albert Morán to third Ryan Nelson to second Runner from 3rd tries for Home, SAFE, throw made home
|
Pinch Runner at 2nd Wilson Flores:
|
|
Batting: SHB Hang-ki Yue
|
0-0: Ball 1-0: Foul Ball, location: 2F 1-1: Ball 2-1: Foul Ball, location: 2F 2-2: Foul Ball, location: 2F 2-2: Strikes out swinging
|
Top of the 7th over - 1 run, 2 hits, 0 errors, 2 left on base; Memphis 4 - BlackIron 3 |
BOTTOM OF THE 7TH |
BlackIron Dragons batting - Pitching for Memphis Blues : RHP Tommy Waters
|
Pitching: LHP Keith Jackson
|
|
Now at 1B: Wilson Flores
|
|
Batting: RHB Mel Wells
|
0-0: Called Strike 0-1: Swinging Strike 0-2: Ball 1-2: Foul Ball, location: 2F 1-2: Ball 2-2: Strikes out swinging
|
Batting: RHB Randall Walker
|
0-0: Ball 1-0: Called Strike 1-1: Foul Ball, location: 2F 1-2: Ball 2-2: SINGLE (Groundball, 6D)
|
Batting: LHB José Martínez
|
0-0: SINGLE (Line Drive, 89S) Randall Walker to second
|
Batting: RHB Roderick Silva
|
0-0: Ball 1-0: Foul Ball, location: 2F 1-1: Ball 2-1: Called Strike 2-2: Ball 3-2: Foul Ball, location: 2F 3-2: Strikes out swinging
|
Batting: RHB Iván Granados
|
0-0: Called Strike 0-1: Swinging Strike 0-2: TRIPLE (Line Drive, 89XD) Randall Walker scores José Martínez scores
|
Pitching: RHP Fernando Llama
|
|
Batting: RHB Millard Long
|
0-0: Foul Ball, location: 2F 0-1: Ball 1-1: Foul Ball, location: 2F 1-2: Ball 2-2: Foul Ball, location: 2F 2-2: SINGLE (Flyball, 9LS) Iván Granados scores
|
Batting: RHB Jake Erickson
|
0-0: Foul Ball, location: 2F 0-1: Ball 1-1: Fly out, F8 (Flyball, 8RD)
|
Bottom of the 7th over - 3 runs, 4 hits, 0 errors, 1 left on base; Memphis 4 - BlackIron 6 |
TOP OF THE 8TH |
Memphis Blues batting - Pitching for BlackIron Dragons : RHP José Moreno
|
Pitching: LHP Nick Walters
|
|
Now in LF: Alexander Barr
|
|
Batting: LHB Freddy Torres
|
0-0: Foul Ball, location: 2F 0-1: Called Strike 0-2: Ball 1-2: Ball 2-2: Ball 3-2: Fly out, F7 (Flyball, 7)
|
Pitching: LHP Desi Wells
|
|
Batting: RHB Miguel Mendoza
|
0-0: Called Strike 0-1: Swinging Strike 0-2: Foul Ball, location: 2F 0-2: Strikes out looking
|
Batting: LHB Armando Domínguez
|
0-0: Ball 1-0: Called Strike 1-1: Ball 2-1: Swinging Strike 2-2: Strikes out looking
|
Top of the 8th over - 0 runs, 0 hits, 0 errors, 0 left on base; Memphis 4 - BlackIron 6 |
BOTTOM OF THE 8TH |
BlackIron Dragons batting - Pitching for Memphis Blues : RHP Fernando Llama
|
Batting: RHB Luis Méndez
|
0-0: Ball 1-0: Called Strike 1-1: Foul Ball, location: 2F 1-2: Strikes out looking
|
Batting: LHB Miguel Barrón
|
0-0: Ball 1-0: SINGLE (Flyball, 9LS)
|
Batting: RHB Mel Wells
|
0-0: Called Strike 0-1: Called Strike 0-2: Ball 1-2: Strikes out swinging
|
Batting: RHB Randall Walker
|
0-0: Ball Miguel Barrón is caught stealing 2nd base
|
Bottom of the 8th over - 0 runs, 1 hit, 0 errors, 0 left on base; Memphis 4 - BlackIron 6 |
TOP OF THE 9TH |
Memphis Blues batting - Pitching for BlackIron Dragons : LHP Desi Wells
|
Pitching: RHP Corey Brown
|
|
Batting: RHB Albert Morán
|
0-0: Fly out, F1 (Line Drive, 15)
|
Batting: RHB Brandon Townsley
|
0-0: Foul Ball, location: 2F 0-1: Called Strike 0-2: Ball 1-2: Strikes out looking
|
Batting: RHB Wilson Flores
|
0-0: Ball 1-0: Called Strike 1-1: Foul Ball, location: 2F 1-2: Strikes out swinging
|
Top of the 9th over - 0 runs, 0 hits, 0 errors, 0 left on base; Memphis 4 - BlackIron 6 |
|